 Dungeon Crawl Stone Soup version 0.31-a0-192-ga50d7bf3bb (webtiles) character file.

Game seed: 8944063789645212175

140 qw the Skirmisher (level 5, -6/29 HPs)
             Began as a Deep Elf Hunter on June 23, 2023.
             Mangled by Grinder (8 damage)
             ... while paralysed by Grinder
             ... on level 3 of the Dungeon.
             The game lasted 00:00:48 (1961 turns).

qw the Skirmisher (Deep Elf Hunter)                 Turns: 1961, Time: 00:00:48

Health: -6/29      AC:  6    Str: 10    XL:     5   Next: 2%
Magic:  7/7        EV:  2    Int: 14    God:
Gold:   126        SH:  0    Dex: 18    Spells: 4/4 levels left

rFire   + . .        Y - +1 shortbow
rCold   . . .        (shield currently unavailable)
rNeg    . . .        d - +0 scale mail
rPois   .            (no helmet)
rElec   .            (no cloak)
rCorr   .            (no gloves)
SInv    .            (no boots)
Will    .....        (no amulet)
Stlth   +            c - ring of protection from fire
HPRegen 0.24/turn    (no ring)
MPRegen 0.10/turn

%: no passive effects
@: paralysed
A: no striking features
a: no special abilities


You were on level 3 of the Dungeon.
You visited 1 branch of the dungeon, and saw 3 of its levels.

You collected 126 gold pieces.


   Skills:
 - Level 1.5 Fighting
 + Level 8.4 Ranged Weapons
 - Level 2.4 Dodging
 - Level 1.2 Stealth


You had 4 spell levels left.
You didn't know any spells.
Your spell library was empty.

Inventory:

Hand Weapons
 Y - a +1 shortbow (weapon)
Armour
 d - a +0 scale mail (worn)
Jewellery
 c - a ring of protection from fire (left hand)
Scrolls
 e - a scroll of enchant armour {unknown}
Potions
 a - a potion of curing
 b - a potion of might {unknown}

Dungeon Overview and Level Annotations

Branches:
Dungeon (3/15)

Altars:
Nemelex Xobeh

Annotations:
D:3 Grinder


Message History

Enter note: You shoot an arrow.
The arrow hits Grinder but does no damage.
Grinder is moderately wounded.
Grinder hits you but does no damage.
You shoot an arrow. The arrow hits Grinder!
Grinder is heavily wounded.
Grinder barely misses you. Grinder gestures at you.
Pain shoots through your body!
You shoot an arrow. The arrow barely misses Grinder.
Grinder closely misses you.
You shoot an arrow. The arrow closely misses Grinder.
Grinder gestures at you. You resist with significant effort.
You shoot an arrow.
The arrow hits Grinder but does no damage.
Grinder is heavily wounded.
Grinder hits you.
You writhe in agony.
Grinder hits you!
You shoot an arrow. The arrow hits Grinder!
Grinder is severely wounded.
Grinder barely misses you.
You shoot an arrow. The arrow closely misses Grinder.
Grinder hits you.
You shoot an arrow. The arrow hits Grinder.
Grinder is severely wounded.
Grinder barely misses you.
Grinder says, "There's only one good use for a tongue: cutting it out."
Grinder hits you but does no damage.
You shoot an arrow. The arrow hits Grinder.
Grinder is almost dead.
Grinder says, "Wait up."
Grinder gestures at you.
You suddenly lose the ability to move!
Grinder gestures at you. You resist with significant effort.
Grinder gestures at you. You resist with significant effort. Grinder hits you!
You die...

. # .. #.# ...
..# #.. ..#
#.# ### ..#
#.# #..
#####..##
#.###..
#..@5...#
#......
#.#..##.#
#......
#...###.#
#...... #..##
#.# #......
#.# #.#
#.###.. #. #.#
#.##### #. #.#
#...... #. #.#
#......
#.######......


You could see Grinder.

Vanquished Creatures
  Jessica (D:3)
  A gnoll (D:1)
  3 adders
  2 worms
  2 dart slugs
  3 orcs
  3 ball pythons
  3 bats
  7 endoplasms
  6 giant cockroaches
  6 hobgoblins
  3 jackals (D:1)
  6 kobolds
  3 quokkas
  2 frilled lizards
  3 goblins
  7 rats
61 creatures vanquished.

Notes
Turn   | Place    | Note
-------+----------+-------------------------------------------
     0 | D:1      | qw the Deep Elf Hunter began the quest for the Orb.
     0 | D:1      | Reached XP level 1. HP: 12/12 MP: 3/3
     0 | D:1      | 0 ||| qw: Version: 0.3-a-9-g12657ce
     0 | D:1      | 0 ||| qw: Game counter: 4584
     0 | D:1      | 0 ||| qw: Always use a shield: true
     0 | D:1      | 0 ||| qw: God list: Okawaru
     0 | D:1      | 0 ||| qw: Allow faded altars: false
     0 | D:1      | 0 ||| qw: Do Orc after D:15 true
     0 | D:1      | 0 ||| qw: Do second Lair branch before Depths: true
     0 | D:1      | 0 ||| qw: Lair rune preference: random
     0 | D:1      | 0 ||| qw: Plans: Normal
     0 | D:1      | 0 ||| PLANNING D:1-11
   117 | D:1      | Reached skill level 6 in Ranged Weapons
   117 | D:1      | Reached XP level 2. HP: 16/16 MP: 4/4
   232 | D:1      | 232 ||| UPGRADING to +0 scale mail.
   247 | D:1      | 247 ||| DROPPING +0 leather armour.
   249 | D:1      | Found a faded altar of an unknown god.
   312 | D:1      | Reached XP level 3. HP: 20/20 MP: 5/5
   477 | D:1      | Reached skill level 7 in Ranged Weapons
   779 | D:1      | 779 ||| READING scroll labelled MIDGHU RUXOG.
   780 | D:1      | 780 ||| READING scroll labelled ECEBRO DISCHO.
   781 | D:1      | 781 ||| READING scroll labelled YGEH JUDINAY.
   782 | D:1      | 782 ||| DROPPING scroll of butterflies.
  1011 | D:2      | Found a sparkling altar of Nemelex Xobeh.
  1062 | D:2      | Reached XP level 4. HP: 25/25 MP: 6/6
  1560 | D:2      | 1560 ||| UPGRADING to ring of protection from fire.
  1561 | D:2      | 1561 ||| DRINKING 2 glowing pink potions.
  1581 | D:3      | 1581 ||| STAIRDANCE
  1663 | D:3      | Noticed Jessica
  1666 | D:3      | Killed Jessica
  1667 | D:3      | Reached skill level 8 in Ranged Weapons
  1898 | D:3      | Reached XP level 5. HP: 29/29 MP: 7/7
  1944 | D:3      | Noticed Grinder
  1954 | D:3      | HP: 6/29 [Grinder (9)]
  1956 | D:3      | HP: 1/29 [Grinder (6)]
  1958 | D:3      | Paralysed by Grinder for 4 turns
  1961 | D:3      | Mangled by Grinder

Levels and vault maps discovered:
D:1:      dpeg_arrival_boxorama, layout_basic,
          hellmonk_ecumenical_altar_inner_sanctum
D:2:      layout_basic, basic_altar, moated_statue
D:3:      layout_basic, uniq_grinder, uniq_jessica

Skill      XL: |  1  2  3  4 |
---------------+-------------+-----
Ranged Weapons | 6 7 8 |  8.4
Fighting       | |  1.5
Dodging        | |  2.4
Stealth        | |  1.2

Action                     |  1- 3 |  4- 6 || total
---------------------------+-------+-------++-------
   Fire: Shortbow          |   113 |    74 ||   187
    Use: Scroll            |     3 |       ||     3
         Potion            |       |     1 ||     1
 Armour: Scale mail        |    18 |    11 ||    29
  Dodge: Dodged            |    21 |    14 ||    35

Table legend:
 A = Non-vault XP
 B = Vault XP
 C = Vault XP percentage of total XP
 D = Non-vault monster count
 E = Vault monster count
 F = Vault count percentage of total count
                 A         B        C        D         E       F
            +---------+---------+-------+---------+---------+-------
      Total |     164 |      37 |  18.4 |      60 |       1 |   1.6
            +---------+---------+-------+---------+---------+-------
        D:1 |      66 |       0 |   0.0 |      29 |       0 |   0.0
        D:2 |      69 |       0 |   0.0 |      22 |       0 |   0.0
        D:3 |      29 |      37 |  56.1 |       9 |       1 |  10.0
            +---------+---------+-------+---------+---------+-------
